TOP OF THE 1ST |
Charleston RiverDogs batting - Pitching for Delmarva Shorebirds : RHP Eric Thomas
|
Pitching: RHP Eric Thomas
|
|
Batting: RHB Jimmy Dillard
|
0-0: Ball 1-0: Swinging Strike 1-1: Ball 2-1: Called Strike 2-2: Ball 3-2: Fly out, F8 (Flyball, 8RM, EV 90.0 MPH)
|
Batting: SHB Cris Silva
|
0-0: Swinging Strike 0-1: Foul Ball, location: 7LMF 0-2: Ball 1-2: Ball 2-2: Foul Ball, location: 5DF 2-2: Strikes out swinging
|
Batting: LHB Ramiro Gutierrez
|
0-0: Foul Ball, location: 3F 0-1: Swinging Strike 0-2: Ball 1-2: Strikes out swinging
|
Top of the 1st over - 0 runs, 0 hits, 0 errors, 0 left on base; Charleston 0 - Delmarva 0 |
BOTTOM OF THE 1ST |
Delmarva Shorebirds batting - Pitching for Charleston RiverDogs : RHP Kirk Wharton
|
Pitching: RHP Kirk Wharton
|
|
Batting: LHB Tony Gonzalez
|
0-0: Ball 1-0: Ball 2-0: Foul Ball, location: 7LMFF 2-1: Foul Ball, location: 2F 2-2: Strikes out swinging
|
Batting: RHB Ben Salas
|
0-0: Ball 1-0: Ball 2-0: Swinging Strike 2-1: Foul Ball, location: 2F 2-2: Foul Ball, location: 2F 2-2: Foul Ball, location: 9LMF 2-2: Foul Ball, location: 5FF 2-2: Foul Ball, location: 7LDF 2-2: Foul Ball, location: 9LMF 2-2: Ball 3-2: Base on Balls
|
Batting: LHB Alex Melendez
|
0-0: Ball 1-0: Called Strike 1-1: Ball 2-1: Foul Ball, location: 2F 2-2: Foul Ball, location: 5F 2-2: Ball 3-2: Foul Ball, location: 7LDF 3-2: Foul Ball, location: 23FF 3-2: Foul Ball, location: 2F 3-2: Foul Ball, location: 7LMF 3-2: Strikes out looking
|
Batting: RHB Trevor Westbrook
|
0-0: Called Strike 0-1: 2-RUN HOME RUN (Line Drive, 89XD, EV 104.4 MPH), Distance : 393 ft
|
Batting: RHB Zack Lackey
|
0-0: Ball 1-0: Called Strike 1-1: Foul Ball, location: 3F 1-2: Ball 2-2: Foul Ball, location: 9LMF 2-2: Foul Ball, location: 5F 2-2: Strikes out swinging
|
Bottom of the 1st over - 2 runs, 1 hit, 0 errors, 0 left on base; Charleston 0 - Delmarva 2 |
TOP OF THE 2ND |
Charleston RiverDogs batting - Pitching for Delmarva Shorebirds : RHP Eric Thomas
|
Batting: SHB Chad Cieslak
|
0-0: Called Strike 0-1: Foul Ball, location: 7LMF 0-2: Ball 1-2: Ball 2-2: Ball 3-2: Fly out, F8 (Flyball, 8LD, EV 86.3 MPH)
|
Batting: LHB Ben Townsend
|
0-0: Fly out, F7 (Line Drive, 7, EV 100.0 MPH)
|
Batting: SHB Vince Plyler
|
0-0: Called Strike 0-1: Ball 1-1: Ball 2-1: Fly out, F9 (Flyball, 9D, EV 96.9 MPH)
|
Top of the 2nd over - 0 runs, 0 hits, 0 errors, 0 left on base; Charleston 0 - Delmarva 2 |
BOTTOM OF THE 2ND |
Delmarva Shorebirds batting - Pitching for Charleston RiverDogs : RHP Kirk Wharton
|
Batting: RHB Nick Haws
|
0-0: Fly out, F9 (Flyball, 9D, EV 87.5 MPH)
|
Batting: RHB Rocky Hall
|
0-0: Called Strike 0-1: Called Strike 0-2: Ball 1-2: Strikes out swinging
|
Batting: RHB Josh White
|
0-0: Ball 1-0: Called Strike 1-1: Called Strike 1-2: Strikes out swinging
|
Bottom of the 2nd over - 0 runs, 0 hits, 0 errors, 0 left on base; Charleston 0 - Delmarva 2 |
TOP OF THE 3RD |
Charleston RiverDogs batting - Pitching for Delmarva Shorebirds : RHP Eric Thomas
|
Batting: RHB Chris Donlon
|
0-0: Swinging Strike 0-1: Swinging Strike 0-2: Strikes out looking
|
Batting: LHB Tony Carrillo
|
0-0: SINGLE (Groundball, 4D, EV 101.9 MPH)
|
Batting: RHB Jordan Matos
|
0-0: Called Strike 0-1: Swinging Strike 0-2: Grounds into double play, 4-6-3 (Groundball, 4, EV 76.3 MPH)
|
Top of the 3rd over - 0 runs, 1 hit, 0 errors, 0 left on base; Charleston 0 - Delmarva 2 |
BOTTOM OF THE 3RD |
Delmarva Shorebirds batting - Pitching for Charleston RiverDogs : RHP Kirk Wharton
|
Batting: RHB Oscar Montoya
|
0-0: Called Strike 0-1: Ball 1-1: Ball 2-1: Swinging Strike 2-2: Strikes out looking
|
Batting: LHB Tony Gonzalez
|
0-0: Called Strike 0-1: Ball 1-1: Ball 2-1: Foul Ball, location: 2F 2-2: Fly out, F6 (Popup, 6S, EV 74.4 MPH)
|
Batting: RHB Ben Salas
|
0-0: Ball 1-0: Foul Ball, location: 2F 1-1: Called Strike 1-2: Ball 2-2: Fly out, F8 (Line Drive, 8LS, EV 95.0 MPH)
|
Bottom of the 3rd over - 0 runs, 0 hits, 0 errors, 0 left on base; Charleston 0 - Delmarva 2 |
TOP OF THE 4TH |
Charleston RiverDogs batting - Pitching for Delmarva Shorebirds : RHP Eric Thomas
|
Batting: RHB Jimmy Dillard
|
0-0: Ball 1-0: Called Strike 1-1: Ball 2-1: Ground out 6-3 (Groundball, 6, EV 85.0 MPH)
|
Batting: SHB Cris Silva
|
0-0: Fly out, F4 (Line Drive, 4, EV 100.0 MPH)
|
Batting: LHB Ramiro Gutierrez
|
0-0: Foul Ball, location: 2F 0-1: Ball 1-1: Ground out 6-3 (Groundball, 6, EV 96.9 MPH)
|
Top of the 4th over - 0 runs, 0 hits, 0 errors, 0 left on base; Charleston 0 - Delmarva 2 |
BOTTOM OF THE 4TH |
Delmarva Shorebirds batting - Pitching for Charleston RiverDogs : RHP Kirk Wharton
|
Batting: LHB Alex Melendez
|
0-0: Ball 1-0: Called Strike 1-1: Ball 2-1: Swinging Strike 2-2: Ground out 2-3 (Groundball, 13S, EV 66.3 MPH)
|
Batting: RHB Trevor Westbrook
|
0-0: Swinging Strike 0-1: Ball 1-1: Ball 2-1: Foul Ball, location: 2F 2-2: Ground out 2-3 (Groundball, 15S, EV 63.8 MPH)
|
Batting: RHB Zack Lackey
|
0-0: Called Strike 0-1: SINGLE (Groundball, 6MD, EV 94.4 MPH)
|
Batting: RHB Nick Haws
|
0-0: Ball 1-0: Ball 2-0: Ball 3-0: Called Strike 3-1: Base on Balls Zack Lackey to second
|
Batting: RHB Rocky Hall
|
0-0: 3-RUN HOME RUN (Flyball, 7D, EV 96.9 MPH), Distance : 364 ft
|
Pitching: RHP Chris Blasioli
|
|
Batting: RHB Josh White
|
0-0: Called Strike 0-1: Ball 1-1: Ball 2-1: Swinging Strike 2-2: Strikes out swinging
|
Bottom of the 4th over - 3 runs, 2 hits, 0 errors, 0 left on base; Charleston 0 - Delmarva 5 |
TOP OF THE 5TH |
Charleston RiverDogs batting - Pitching for Delmarva Shorebirds : RHP Eric Thomas
|
Batting: SHB Chad Cieslak
|
0-0: Ball 1-0: Swinging Strike 1-1: Foul Ball, location: 2F 1-2: Strikes out swinging
|
Batting: LHB Ben Townsend
|
0-0: Ball 1-0: Ball 2-0: Called Strike 2-1: Ground out U3 (Groundball, 3L, EV 84.4 MPH)
|
Batting: SHB Vince Plyler
|
0-0: Swinging Strike 0-1: Foul Ball, location: 9LSF 0-2: Ball 1-2: Strikes out looking
|
Top of the 5th over - 0 runs, 0 hits, 0 errors, 0 left on base; Charleston 0 - Delmarva 5 |
BOTTOM OF THE 5TH |
Delmarva Shorebirds batting - Pitching for Charleston RiverDogs : RHP Chris Blasioli
|
Batting: RHB Oscar Montoya
|
0-0: Called Strike 0-1: Called Strike 0-2: Strikes out swinging
|
Batting: LHB Tony Gonzalez
|
0-0: Foul Ball, location: 3SF 0-1: Ball 1-1: Called Strike 1-2: Ball 2-2: Ball 3-2: Strikes out looking
|
Batting: RHB Ben Salas
|
0-0: Ball 1-0: Called Strike 1-1: Foul Ball, location: 5FF 1-2: Ball 2-2: Ball 3-2: Base on Balls
|
Batting: LHB Alex Melendez
|
0-0: Ball Ben Salas steals 2nd base 1-0: Called Strike 1-1: Foul Ball, location: 7LDF 1-2: Ball 2-2: Strikes out looking
|
Bottom of the 5th over - 0 runs, 0 hits, 0 errors, 1 left on base; Charleston 0 - Delmarva 5 |
TOP OF THE 6TH |
Charleston RiverDogs batting - Pitching for Delmarva Shorebirds : RHP Eric Thomas
|
Batting: RHB Chris Donlon
|
0-0: Ball 1-0: Ground out 3-1 (Groundball, 13, EV 91.3 MPH)
|
Batting: LHB Tony Carrillo
|
0-0: Called Strike 0-1: Foul Ball, location: 2F 0-2: Ball 1-2: Ball 2-2: Fly out, F7 (Flyball, 8LS, EV 74.4 MPH)
|
Batting: RHB Jordan Matos
|
0-0: Swinging Strike 0-1: Ball 1-1: Ball 2-1: DOUBLE (Line Drive, 89XD, EV 105.0 MPH)
|
Batting: RHB Jimmy Dillard
|
0-0: Ball 1-0: Ball 2-0: Ball 3-0: Called Strike 3-1: SINGLE (Line Drive, 4D, EV 100.6 MPH) Jordan Matos to third Throwing error, E9 Jordan Matos scores Jimmy Dillard to second
|
Batting: SHB Cris Silva
|
0-0: Called Strike 0-1: Ball 1-1: Fly out, F7 (Line Drive, 7, EV 92.5 MPH)
|
Top of the 6th over - 1 run, 2 hits, 1 error, 1 left on base; Charleston 1 - Delmarva 5 |
BOTTOM OF THE 6TH |
Delmarva Shorebirds batting - Pitching for Charleston RiverDogs : RHP Chris Blasioli
|
Batting: RHB Trevor Westbrook
|
0-0: Called Strike 0-1: Called Strike 0-2: Ball 1-2: Foul Ball, location: 7LDF 1-2: Strikes out swinging
|
Batting: RHB Zack Lackey
|
0-0: Called Strike 0-1: Swinging Strike 0-2: Ball 1-2: Foul Ball, location: 9LMF 1-2: Strikes out swinging
|
Batting: RHB Nick Haws
|
0-0: Ball 1-0: Ball 2-0: Ball 3-0: Called Strike 3-1: Base on Balls
|
Pitching: RHP Josh Allen
|
|
Batting: RHB Rocky Hall
|
0-0: Called Strike 0-1: Swinging Strike 0-2: Fly out, F8 (Flyball, 8LXD, EV 90.0 MPH)
|
Bottom of the 6th over - 0 runs, 0 hits, 0 errors, 1 left on base; Charleston 1 - Delmarva 5 |
TOP OF THE 7TH |
Charleston RiverDogs batting - Pitching for Delmarva Shorebirds : RHP Eric Thomas
|
Now in RF: John Crone
|
|
Batting: LHB Ramiro Gutierrez
|
0-0: Ball 1-0: SINGLE (Line Drive, 89S, EV 86.3 MPH)
|
Batting: SHB Chad Cieslak
|
0-0: Foul Ball, location: 2F 0-1: Called Strike Ramiro Gutierrez steals 2nd base 0-2: Ball Wild Pitch! Ramiro Gutierrez to third 1-2: Fly out, F8 (Flyball, 78M, EV 85.0 MPH) Runner from 3rd tags up, SCORES, throw by CF
|
Batting: LHB Ben Townsend
|
0-0: Ball 1-0: Ball 2-0: Fly out, F7 (Flyball, 7D, EV 98.1 MPH)
|
Batting: SHB Vince Plyler
|
0-0: Ball 1-0: Ground out 1-3 (Groundball, 23, EV 66.3 MPH)
|
Top of the 7th over - 1 run, 1 hit, 0 errors, 0 left on base; Charleston 2 - Delmarva 5 |
BOTTOM OF THE 7TH |
Delmarva Shorebirds batting - Pitching for Charleston RiverDogs : RHP Josh Allen
|
Batting: RHB Josh White
|
0-0: Swinging Strike 0-1: Called Strike 0-2: Strikes out swinging
|
Batting: RHB Oscar Montoya
|
0-0: Called Strike 0-1: Called Strike 0-2: Ground out 6-3 (Groundball, 6, EV 91.9 MPH)
|
Batting: LHB Tony Gonzalez
|
0-0: Ground out 5-3 (Groundball, 56, EV 81.3 MPH)
|
Bottom of the 7th over - 0 runs, 0 hits, 0 errors, 0 left on base; Charleston 2 - Delmarva 5 |
TOP OF THE 8TH |
Charleston RiverDogs batting - Pitching for Delmarva Shorebirds : RHP Eric Thomas
|
Batting: RHB Chris Donlon
|
0-0: Ball 1-0: Ball 2-0: Called Strike 2-1: Foul Ball, location: 9LSF 2-2: Foul Ball, location: 25FF 2-2: Foul Ball, location: 9LDF 2-2: Strikes out swinging
|
Pitching: RHP Chance McGinn
|
|
Batting: LHB Tony Carrillo
|
0-0: Ball 1-0: SINGLE (Groundball, 34D, EV 103.1 MPH)
|
Batting: RHB Jordan Matos
|
0-0: Ball 1-0: Swinging Strike 1-1: Called Strike 1-2: Strikes out looking
|
Batting: RHB Jimmy Dillard
|
0-0: Ball 1-0: Called Strike 1-1: Ball 2-1: Foul Ball, location: 2F 2-2: Strikes out looking
|
Top of the 8th over - 0 runs, 1 hit, 0 errors, 1 left on base; Charleston 2 - Delmarva 5 |
BOTTOM OF THE 8TH |
Delmarva Shorebirds batting - Pitching for Charleston RiverDogs : RHP Josh Allen
|
Batting: RHB Ben Salas
|
0-0: Ground out 6-3 (Groundball, 6, EV 86.3 MPH)
|
Batting: LHB John Crone
|
0-0: Ball 1-0: Called Strike 1-1: Ball 2-1: Ball 3-1: Foul Ball, location: 23F 3-2: SINGLE (Groundball, 34D, EV 96.3 MPH)
|
Batting: RHB Trevor Westbrook
|
0-0: Called Strike John Crone steals 2nd base 0-1: Ball 1-1: Swinging Strike 1-2: Ball 2-2: Ground out 6-3 (Groundball, 6, EV 110.0 MPH)
|
Batting: RHB Zack Lackey
|
0-0: Ball 1-0: SINGLE (Line Drive, 8LS, EV 92.5 MPH) John Crone to third
|
Batting: RHB Nick Haws
|
0-0: Fielders Choice at 2nd, 6-4 (Groundball, 6, EV 104.4 MPH)
|
Bottom of the 8th over - 0 runs, 2 hits, 0 errors, 2 left on base; Charleston 2 - Delmarva 5 |
TOP OF THE 9TH |
Charleston RiverDogs batting - Pitching for Delmarva Shorebirds : RHP Chance McGinn
|
Batting: SHB Cris Silva
|
0-0: Called Strike 0-1: Ball 1-1: Called Strike 1-2: Foul Ball, location: 7LSF 1-2: Ball 2-2: Ball 3-2: Strikes out looking
|
Batting: LHB Ramiro Gutierrez
|
0-0: Called Strike 0-1: Ball 1-1: Ground out 5-3 (Groundball, 5, EV 80.6 MPH)
|
Batting: SHB Chad Cieslak
|
0-0: Ball 1-0: Foul Ball, location: 7LMF 1-1: Fly out, F6 (Line Drive, 6MD, EV 64.4 MPH)
|
Top of the 9th over - 0 runs, 0 hits, 0 errors, 0 left on base; Charleston 2 - Delmarva 5 |
|